 Dungeon Crawl Stone Soup version 0.19.5 (webtiles) character file.

490 martian the Digger (level 7, -5/32 HPs)
             Began as a Gargoyle Earth Elementalist on Mar 26, 2017.
             Was an Initiate of Vehumet.
             Shot with an arrow by a centaur (14 damage)
             ... on level 5 of the Dungeon on Apr 8, 2017.
             The game lasted 00:37:46 (5130 turns).

martian the Digger (Gargoyle Earth Elementalist)    Turns: 5130, Time: 00:37:46

Health: -5/32      AC:  4    Str: 11    XL:     7   Next: 14%
Magic:  15/15      EV: 12    Int: 18    God:    Vehumet [......]
Gold:   260        SH:  0    Dex: 10    Spells: 2 memorised, 13 levels left

rFire  + . .     SeeInvis +     p - +0 flail
rCold  . . .     Gourm    .     (no armour)
rNeg   + . .     Faith    .     (no shield)
rPois  ∞         Spirit   .     (no helmet)
rElec  +         Reflect  .     (no cloak)
rCorr  .         Harm     .     (no gloves)
MR     .....                    (no boots)
Stlth  ++........               (no amulet)
                                (no ring)
                                u - ring of protection from fire (curse)

@: no status effects
A: see invisible, frail 1, negative energy resistance 1, electricity resistance,
unbreathing, petrification resistance, rot immunity, AC +4
a: Renounce Religion


You were on level 5 of the Dungeon.
You worshipped Vehumet.
Vehumet was noncommittal.
You were not hungry.

You visited 2 branches of the dungeon, and saw 6 of its levels.

You collected 260 gold pieces.

Inventory:

Hand Weapons
 f - a +0 club
 j - a +0 whip
 p - a +0 flail (weapon)
 s - a +2 hand axe of chopping
 v - a +2 mace of holy wrath
 A - a cursed -2 hand axe
Missiles
 b - 183 stones (quivered)
Armour
 c - a +0 robe
 o - a +0 buckler
 y - +0 fire dragon scales
Jewellery
 u - a cursed ring of protection from fire (left hand)
Scrolls
 a - 2 scrolls of noise {unknown}
 g - a scroll of magic mapping {unknown}
 h - a scroll of recharging {unknown}
 i - 3 scrolls of identify
 m - a scroll of amnesia {unknown}
 q - a scroll of enchant weapon {unknown}
 t - a scroll of immolation {unknown}
 x - 2 scrolls of teleportation {unknown}
 B - 4 scrolls of remove curse
 C - a scroll of random uselessness {unknown}
Potions
 k - a potion of agility {unknown}
 l - a potion of flight {unknown}
 n - a potion of might
 r - a potion of curing
 w - 4 potions of heal wounds {unknown}
Books
 e - a book of Geomancy

   Spells                             Type                      Level
   a - Sandblast                      Earth                        1
   b - Passwall                       Transmutation/Earth          2
   c - Stone Arrow                    Conjuration/Earth            3
   d - Petrify                        Transmutation/Earth          4
   e - Lee's Rapid Deconstruction     Earth                        5
 E - a book of Necromancy

   Spells                             Type                      Level
   a - Pain                           Necromancy                   1
   b - Animate Skeleton               Necromancy                   1
   c - Vampiric Draining              Necromancy                   3
   d - Regeneration                   Charms/Necromancy            3
   e - Animate Dead                   Necromancy                   4
   f - Control Undead                 Necromancy                   4
Comestibles
 d - 4 bread rations
 z - a meat ration
 D - 4 chunks of flesh


   Skills:
 - Level 1.6 Dodging
 - Level 2.3 Stealth
 * Level 5.5 Spellcasting
 + Level 1.9 Conjurations
   Level 0.7 Transmutations
 + Level 5.8 Earth Magic


You had 13 spell levels left.
You knew the following spells:

 Your Spells              Type           Power        Failure   Level  Hunger
a - Sandblast             Erth           ####..       1%          1    None
b - Stone Arrow           Conj/Erth      ###...       10%         3    ##.....


Dungeon Overview and Level Annotations

Branches:
Dungeon (5/15)             Temple (1/1) D:4

Altars:
Ashenzari
Dithmenos
Elyvilon
Fedhas
Gozag
Hepliaklqana
Kikubaaqudgha
Makhleb
Nemelex Xobeh
Okawaru
Qazlal
Ru
Sif Muna
Trog
Vehumet
Xom
Yredelemnul
Zin
The Shining One


Innate Abilities, Weirdness & Mutations

You are resistant to torment.
Your stone body is resilient. (AC +4)
You are immune to poison.
You resist negative energy. (rN+)
You are resistant to electric shocks. (rElec)
You can survive without breathing.
You are immune to petrification.
You are immune to rotting.
You have supernaturally acute eyesight. (SInv)
You are frail. (-10% HP)


Message History

The centaur shoots an arrow.
The arrow barely misses you.
The centaur shoots an arrow.
The arrow hits you.
* * * LOW HITPOINT WARNING * * *
There is an open door here.
You see here an arrow.
The centaur shoots an arrow.
The arrow barely misses you.
The centaur shoots an arrow.
The arrow hits you.
* * * LOW HITPOINT WARNING * * *
You see here an arrow.
The centaur shoots an arrow.
The arrow hits you.
* * * LOW HITPOINT WARNING * * *
You see here an arrow.
The centaur shoots an arrow.
The arrow barely misses you.
As you read the scroll labeled SAPHIM ALYLYRR, it crumbles to dust.
It is a scroll of identify.
B - 4 scrolls of remove curse The centaur shoots an arrow.
The arrow closely misses you.
It was a potion of curing.
You feel better.
The centaur shoots an arrow.
The arrow hits you!
You die...

####.##'###.....# #.#....#.....#
########## ####.##.#.#.....####
#........# .....####.#........#
#........# .##### #.#........#
#........#
.########.######...######+#+#....
.....)...........................
>..........(c....................
####.##.#..(.###@..########.#.###
#.##.##c#.# #...# #.#.#
#.##....#.# #...# #...#
#.......#.# #...# #####
#.#####.#.# #...# ######
####.#...#.(.# ##### #.....
....('.⌠(c..## #.....
....c#...#.## #..... .....#####.#
######.....


You could see a centaur.

Vanquished Creatures
  A sky beast (D:5)
  An ogre (D:5)
  A scorpion (D:4)
  A centaur skeleton (D:5)
  A hound (D:4)
  A worker ant (D:4)
  3 gnolls (D:4)
  4 adders
  A shadow imp (D:5)
  An ooze (D:2)
  3 worms
  10 leopard geckos
  8 orcs
  6 giant cockroaches
  6 goblins
  9 hobgoblins
  6 jackals
  8 kobolds
  4 quokkas
  4 bats
  3 frilled lizards (D:2)
  A jackal zombie (D:5)
  9 rats
92 creatures vanquished.

Notes
Turn   | Place    | Note
-------+----------+-------------------------------------------
     0 | D:1      | martian the Gargoyle Earth Elementalist began the quest for the Orb.
     0 | D:1      | Reached XP level 1. HP: 10/10 MP: 3/3
   524 | D:1      | Reached XP level 2. HP: 11/15 MP: 3/5
   955 | D:1      | Reached XP level 3. HP: 16/19 MP: 2/7
  1348 | D:2      | Learned a level 3 spell: Stone Arrow
  1459 | D:2      | Reached XP level 4. HP: 24/24 MP: 0/9
  2054 | D:2      | Found a deep blue altar of Sif Muna.
  2058 | D:2      | Found a shattered altar of Ashenzari.
  2265 | D:3      | Found a faded altar of an unknown god.
  2343 | D:3      | Found a white marble altar of Elyvilon.
  2619 | D:3      | Found a hazy altar of Hepliaklqana.
  3046 | D:4      | Reached XP level 5. HP: 28/28 MP: 3/11
  3328 | D:4      | Reached skill level 5 in Earth Magic
  3878 | D:4      | Found a bloodstained altar of Trog.
  3903 | D:4      | Reached XP level 6. HP: 32/32 MP: 3/12
  4057 | D:4      | Found a staircase to the Ecumenical Temple.
  4078 | Temple   | Entered the Ecumenical Temple
  4122 | Temple   | Became a worshipper of Vehumet
  4485 | D:5      | Entered Level 5 of the Dungeon
  4606 | D:5      | Reached skill level 5 in Spellcasting
  4606 | D:5      | Reached skill level 1 in Conjurations
  4713 | D:5      | Noticed a sky beast
  4740 | D:5      | Killed a sky beast
  4745 | D:5      | Gained mutation: You have supernaturally acute eyesight. (SInv) [mutagenic meat]
  4746 | D:5      | Gained mutation: You are frail. (-10% HP) [mutagenic meat]
  5023 | D:5      | Reached XP level 7. HP: 32/32 MP: 6/15
  5130 | D:5      | Shot with an arrow by a centaur

Skill      XL: |  1  2  3  4  5  6 |
---------------+-------------------+-----
Earth Magic    | 4 5 |  5.8
Spellcasting   | 3 4 5 |  5.5
Conjurations   | 1 |  1.9
Dodging        | |  1.6
Stealth        | |  2.3
Transmutations | |  0.7

Action                   |  1- 3 |  4- 6 |  7- 9 || total
-------------------------+-------+-------+-------++-------
Melee: Club              |    28 |       |       ||    28
       Whip              |    12 |     2 |       ||    14
       Flail             |       |    15 |       ||    15
 Cast: Sandblast         |    59 |   166 |     1 ||   226
       Stone Arrow       |       |     4 |       ||     4
  Use: Potion            |     1 |     1 |     1 ||     3
       Scroll            |       |       |     1 ||     1
  Eat: Chunk             |     2 |    11 |     1 ||    14
       Pizza             |       |     1 |       ||     1
Armor: Robe              |    31 |    35 |       ||    66
       Skin              |     2 |       |       ||     2
Dodge: Dodged            |    65 |    59 |     7 ||   131
